 Dungeon Crawl Stone Soup version 0.29-a0-2-g12fcac58f8 (webtiles) character file.

Game seed: 16486597853041516261

35974 sanka the Grappler (level 13, -3/157 HPs)
             Began as a Gnoll Cinder Acolyte on Jan 26, 2022.
             Was an Initiate of Ashenzari.
             Slain by a fire elemental (10 damage)
             ... created by the fiery vengeance of Ignis
             ... on level 3 of the Lair of Beasts.
             The game lasted 00:40:37 (23609 turns).

sanka the Grappler (Gnoll Cinder Acolyte)          Turns: 23609, Time: 00:40:38

Health: -3/157     AC: 26    Str: 14    XL:     13   Next: 87%
Magic:  26/26      EV:  2    Int: 18    God:    Ashenzari [......]
Gold:   732        SH:  0    Dex: 14    Spells: 24/30 levels left

rFire   . . .      SeeInvis .     - Unarmed
rCold   . . .      Faith    .   (no shield)
rNeg    . . .      Spirit   .   (armour currently unavailable)
rPois   +          Reflect  .   (helmet currently unavailable)
rElec   .          Harm     .   (cloak currently unavailable)
rCorr   .          Rampage  .   (gloves currently unavailable)
Will    .....      NoTele   +   (boots currently unavailable)
Stlth   ++++......              (no amulet)
HPRegen 0.36/turn               n - +6 ring of dexterity
MPRegen 0.20/turn               w - ring of poison resistance

@: mighty, brilliant, tree-form, attractive, fire susceptible
A: stationary, stasis, torment immunity, boosted hp, (fangs 1), strong nose,
distributed training
a: Renounce Religion, Curse Item, Shatter the Chains


You were on level 3 of the Lair of Beasts.
You worshipped Ashenzari.
Ashenzari was noncommittal.
You were a tree.
You visited 3 branches of the dungeon, and saw 16 of its levels.
You also visited: Ice Cave.

You collected 732 gold pieces.


Innate Abilities, Weirdness & Mutations

You are a tree.
Your roots penetrate the ground, keeping you stationary.
You cannot be teleported.
You are immune to unholy pain and torment.
Your maximum health is greatly increased.
Your equipment is partially melded.
((You have very sharp teeth.))
Your uncanny sense of smell can sniff out nearby items.
Your experience applies equally to all skills.


   Skills:
 + Level 10.9 Fighting
 + Level 8.7 Short Blades
 + Level 8.7 Long Blades
 + Level 8.7 Axes
 + Level 8.7 Maces & Flails
 + Level 8.7 Polearms
 + Level 8.7 Staves
 + Level 8.7 Slings
 + Level 8.7 Bows
 + Level 8.7 Crossbows
 + Level 8.7 Throwing
 + Level 8.7 Armour
 + Level 8.7 Dodging
 + Level 8.7 Stealth
 + Level 8.7 Shields
 + Level 10.9 Unarmed Combat
 + Level 9.2 Spellcasting
 + Level 7.2 Conjurations
 + Level 7.2 Hexes
 + Level 7.2 Summonings
 + Level 7.2 Necromancy
 + Level 7.2 Translocations
 + Level 7.2 Transmutations
 + Level 9.1 Fire Magic
 + Level 7.2 Ice Magic
 + Level 7.2 Air Magic
 + Level 7.2 Earth Magic
 + Level 7.2 Poison Magic
 + Level 9.5 Invocations
 + Level 8.7 Evocations


You had 24 spell levels left.
You knew the following spells:

 Your Spells              Type           Power      Damage    Failure   Level
e - Apportation           Tloc           100%       N/A       1%          1
y - Scorch                Fire           100%       2d10      1%          2
z - Call Canine Familiar  Summ           51%        N/A       1%          3

Your spell library contained the following spells:

 Spells                   Type           Power      Damage    Failure   Level
 Pain                     Necr           100%       1d9       1%          1
 Summon Small Mammal      Summ           100%       N/A       1%          1
 Corpse Rot               Necr/Air       100%       N/A       1%          2
 Sublimation of Blood     Necr           51%        N/A       1%          2
 Gell's Gravitas          Tloc           51%        N/A       1%          3
 Lesser Beckoning         Tloc           51%        N/A       1%          3
 Summon Guardian Golem    Hex/Summ       51%        N/A       1%          3
 Teleport Other           Tloc           51%        N/A       1%          3
 Tukima's Dance           Hex            51%        N/A       1%          3
 Dispel Undead            Necr           51%        3d19      4%          4
 Passage of Golubria      Tloc           51%        N/A       4%          4
 Petrify                  Tmut/Erth      51%        N/A       4%          4
 Agony                    Necr           51%        N/A       12%         5
 Alistair's Intoxication  Tmut/Pois      34%        N/A       12%         5
 Excruciating Wounds      Necr           25%        N/A       12%         5
 Irradiate                Conj/Tmut      25%        3d21      12%         5
 Yara's Violent Unravell  Hex/Tmut       25%        3d11      12%         5
 Death Channel            Necr           25%        N/A       56%         6

Inventory:

Hand Weapons
 l - a +3 quarterstaff of chaos
 Q - a +2 longbow of freezing
Missiles
 f - 9 poisoned darts
 A - a throwing net {=f}
Armour
 a - a +0 pair of gloves of infusion (melded)
 b - a +2 robe of the Archmagi (melded)
 h - a +0 helmet (melded)
 j - the cursed +2 cloak "Gaze Upon Infinity" (melded) {Will+, Self, Elem}

   It has a curse which improves the following skills: Introspection: Fighting
   and Spellcasting.
   Elements:  Fire Magic, Ice Magic, Air Magic and Earth Magic.
 r - a +2 pair of boots (melded)
 s - a +2 ring mail of cold resistance
 M - a +0 buckler
Magical Staves
 E - a staff of conjuration {!a}
 G - a staff of fire
 P - a staff of cold
Jewellery
 i - a ring of see invisible
 n - a +6 ring of dexterity (left branch)
 w - a ring of poison resistance (right branch)
 J - the ring of Suicidal Tendencies {Fly rC+ MP+9 Str+6 Int-3}

   [ring of strength]

   Str:       It affects your strength (+6).
   Int:       It affects your intelligence (-3).
   rC:        It protects you from cold.
   MP:        It affects your magic capacity (+9).
   Fly:       It grants you flight.
 L - a ring of flight
Wands
 e - a wand of paralysis (5)
 p - a wand of charming (16)
 I - a wand of polymorph (5)
 S - a wand of digging (4)
 T - a wand of iceblast (7)
Scrolls
 d - 2 scrolls of brand weapon
 g - 6 scrolls of amnesia
 o - 4 scrolls of teleportation {@r4}
 t - 4 scrolls of vulnerability {!r}
 u - 2 scrolls of magic mapping
 x - a scroll of holy word {unknown}
 y - 4 scrolls of fog
 D - 2 scrolls of enchant weapon {unknown}
 F - a scroll of fear {unknown}
 N - 2 scrolls of blinking
 R - a scroll of immolation {unknown}
 U - a scroll of enchant armour
Potions
 k - a potion of resistance
 m - 2 potions of brilliance
 q - 2 potions of berserk rage {!q}
 v - a potion of mutation {unknown}
 z - a potion of heal wounds {unknown}
 B - a potion of curing {unknown}
 C - a potion of attraction {!q}
 H - 3 potions of haste {@q3}
 O - a potion of cancellation {unknown}

Dungeon Overview and Level Annotations

Branches:
Dungeon (11/15)            Temple (1/1) D:6            Lair (4/6) D:11
  Swamp (0/4) Lair:2        Snake (0/4) Lair:3        IceCv (visited)
    Orc: D:9-12

Altars:
Ashenzari
Cheibriados
Dithmenos
Elyvilon
Fedhas
Gozag
Hepliaklqana
Kikubaaqudgha
Makhleb
Nemelex Xobeh
Okawaru
Qazlal
Ru
Sif Muna
Trog
Uskayaw
Vehumet
Wu Jian
Xom
Yredelemnul
Zin
The Shining One

Shops:
D:3 =   D:4 ?   D:8 !

Annotations:
D:11 2 transporters, exclusion: oklob plant, kae's ghost, journeyman DrTm

▒▒.▒▒▒..▒▒ ▒......▒▒........
▒▒.▒▒▒...▒ ▒▒....▒▒▒▒...▒▒▒.
▒...▒▒▒..▒▒▒▒....▒▒.........
▒▒..▒▒▒..▒.▒.....▒.......▒▒.
▒.▒▒▒...........▒.......▒▒.
▒..▒▒▒.....▒.........▒.▒▒▒.
▒▒▒.▒▒▒▒.▒▒▒.▒....▒.▒f.▒.▒▒▒.
▒....▒▒...▒▒▒▒...............
▒▒▒.▒▒▒..▒▒▒♣................
▒.......°☼EE................
▒▒.......°§E................
▒...........................
▒...........................
▒▒.P▒▒.▒.▒.▒......▒▒..▒▒▒▒▒.
▒..▒▒.....▒▒.....▒.▒▒..▒P▒P.
▒▒.▒......▒▒.....▒▒.........
▒..▒.....▒▒..............▒.


You could see 3 fire elementals.


Message History

The fire elemental burns you!
* * * LOW HITPOINT WARNING * * *
Unknown command.
Unknown command.
The fire elemental is attracted toward you.
It was a potion of lignification.
You turn into a tree.
You feel less strong-willed.
You feel magic leave your hands.
You feel strangely numb.
Your roots penetrate the ground.
The fire elemental hits you. The fire elemental burns you!
* * * LOW HITPOINT WARNING * * *
The fire elemental hits you. The fire elemental burns you!
* * * LOW HITPOINT WARNING * * *
The fire elemental hits you. The fire elemental burns you!
* * * LOW HITPOINT WARNING * * *
Unknown command.
Unknown command.
Unknown command.
You feel very mighty all of a sudden. The fire elemental hits you.
The fire elemental burns you!
* * * LOW HITPOINT WARNING * * *
The fire elemental hits you. The fire elemental burns you!
You die...

Action                   |  1- 3 |  4- 6 |  7- 9 | 10-12 | 13-15 || total
-------------------------+-------+-------+-------+-------+-------++-------
Melee: Unarmed           |    72 |   120 |   187 |   219 |   138 ||   736
       Bite              |     5 |    15 |    25 |    34 |    20 ||    99
       Punch             |     4 |     3 |     8 |     6 |       ||    21
Throw: Dart              |       |       |       |    18 |     6 ||    24
 Cast: Scorch            |     4 |    27 |    80 |   319 |   183 ||   613
Invok: Foxfire Swarm     |       |       |       |     5 |     1 ||     6
       Fiery Armour      |       |       |       |     2 |     1 ||     3
       Curse Item        |       |       |       |       |     1 ||     1
  Use: Scroll            |       |     2 |     4 |     7 |       ||    13
       Potion            |       |     2 |       |     1 |     4 ||     7
 Stab: Sleeping          |       |     4 |       |     4 |       ||     8
       Distracted        |       |       |       |     1 |       ||     1
Armor: Robe              |     6 |    33 |   108 |   163 |    81 ||   391
       Skin              |       |       |       |       |     5 ||     5
Dodge: Dodged            |    31 |    59 |   179 |   290 |   166 ||   725
Block: Buckler           |       |       |       |    57 |    54 ||   111

Levels and vault maps discovered:
D:1:      tarquinn_simple_flora_water_a, layout_rooms, minmay_cut_off
D:2:      layout_basic, uniq_robin, uniq_natasha, uniq_crazy_yiuf_cottage
D:3:      layout_basic, minmay_overflow_temple_star_hex, serial_shops, shop
D:4:      layout_basic, serial_shops, shop, kennysheep_generic_room_8
D:5:      layout_loops_ring, goddamned_bats, uniq_grinder, uniq_pikel, uniq_ijyb
D:6:      layout_loops_corners, mainiacjoe_overflow_concentric_impassable,
          minmay_temple_entry_large_hall, fountainhead,
          chequers_serial_rivers_micro_d, uniq_sigmund
D:7:      layout_rooms, lemuel_coloured_pillars_altar, uniq_harold
D:8:      layout_rooms, mainiacjoe_overflow_boulevard,
          mainiacjoe_overflow_alcove_2, nicolae_tso_carved_into_rock,
          nicolae_wu_jian_immortal_techniques, serial_shops, shop
D:9:      layout_loops_ring, kb_rosetta
D:10:     layout_irregular_city, mainiacjoe_overflow_small_starburst,
          mainiacjoe_overflow_surrounded_room
D:11:     layout_roguey, lair_entry_dummy, nzn_ghost_randoct
Temple:   compressed_dpeg_triangle_lava_temple
Lair:1:   layout_gridlike, serial_bayou_pond_b, infiniplex_staircase_pool
Lair:2:   layout_gridlike, minmay_swamp_entry_reptiles, beast_lair_carwin_11
Lair:3:   layout_regular_city, minmay_snake_entry_guardpost_medium,
          serial_bayou_ford_a, st_stairs_6
Lair:4:   layout_roguey, portal_ice_cave_entry_ice_simulacra,
          patterned_corridor, lemuel_fruit_fields

Notes
Turn   | Place    | Note
-------+----------+-------------------------------------------
     0 | D:1      | sanka the Gnoll Cinder Acolyte began the quest for the Orb.
     0 | D:1      | Reached XP level 1. HP: 23/23 MP: 4/4
   116 | D:1      | Reached XP level 2. HP: 22/29 MP: 5/5
   190 | D:1      | Learned a level 2 spell: Scorch
   561 | D:1      | Reached XP level 3. HP: 35/35 MP: 7/7
  1211 | D:2      | Reached skill level 1 in Invocations
  1289 | D:2      | Noticed Natasha
  1291 | D:2      | Killed Natasha
  1292 | D:2      | Reached skill level 1 in Short Blades
  1292 | D:2      | Reached skill level 1 in Long Blades
  1292 | D:2      | Reached skill level 1 in Axes
  1292 | D:2      | Reached skill level 1 in Maces & Flails
  1292 | D:2      | Reached skill level 1 in Polearms
  1292 | D:2      | Reached skill level 1 in Staves
  1292 | D:2      | Reached skill level 1 in Slings
  1292 | D:2      | Reached skill level 1 in Bows
  1292 | D:2      | Reached skill level 1 in Crossbows
  1292 | D:2      | Reached skill level 1 in Throwing
  1292 | D:2      | Reached skill level 1 in Armour
  1292 | D:2      | Reached skill level 1 in Dodging
  1292 | D:2      | Reached skill level 1 in Stealth
  1292 | D:2      | Reached skill level 1 in Shields
  1292 | D:2      | Reached skill level 3 in Spellcasting
  1292 | D:2      | Reached skill level 1 in Evocations
  1292 | D:2      | Reached XP level 4. HP: 41/41 MP: 3/8
  1391 | D:2      | Noticed Robin
  1641 | D:2      | Reached skill level 1 in Conjurations
  1641 | D:2      | Reached skill level 1 in Hexes
  1641 | D:2      | Reached skill level 1 in Summonings
  1641 | D:2      | Reached skill level 1 in Necromancy
  1641 | D:2      | Reached skill level 1 in Translocations
  1641 | D:2      | Reached skill level 1 in Transmutations
  1641 | D:2      | Reached skill level 1 in Ice Magic
  1641 | D:2      | Reached skill level 1 in Air Magic
  1641 | D:2      | Reached skill level 1 in Earth Magic
  1641 | D:2      | Reached skill level 1 in Poison Magic
  1749 | D:2      | Noticed Natasha
  1753 | D:2      | Killed Natasha
  1818 | D:2      | Reached XP level 5. HP: 43/47 MP: 9/9
  1892 | D:2      | Found a runed translucent door.
  1893 | D:2      | Noticed Crazy Yiuf
  1972 | D:2      | Killed Robin
  2179 | D:2      | Killed Crazy Yiuf
  2709 | D:3      | Found Reluf's Jewellery Shoppe.
  2859 | D:3      | Found a shimmering blue altar of Sif Muna.
  2859 | D:3      | Found a snail-covered altar of Cheibriados.
  2859 | D:3      | Found an opulent altar of Gozag.
  2872 | D:3      | Found a sacrificial altar of Ru.
  2875 | D:3      | Found a hazy altar of Hepliaklqana.
  3479 | D:4      | Found Yzxul's Magic Scroll Shop.
  3502 | D:4      | Reached skill level 2 in Invocations
  3502 | D:4      | Reached XP level 6. HP: 40/53 MP: 9/11
  3580 | D:4      | Identified a +2 robe of the Archmagi
  3643 | D:4      | Identified a potion of resistance
  3655 | D:4      | Reached skill level 2 in Short Blades
  3655 | D:4      | Reached skill level 2 in Long Blades
  3655 | D:4      | Reached skill level 2 in Axes
  3655 | D:4      | Reached skill level 2 in Maces & Flails
  3655 | D:4      | Reached skill level 2 in Polearms
  3655 | D:4      | Reached skill level 2 in Staves
  3655 | D:4      | Reached skill level 2 in Slings
  3655 | D:4      | Reached skill level 2 in Bows
  3655 | D:4      | Reached skill level 2 in Crossbows
  3655 | D:4      | Reached skill level 2 in Throwing
  3655 | D:4      | Reached skill level 2 in Armour
  3655 | D:4      | Reached skill level 2 in Dodging
  3655 | D:4      | Reached skill level 2 in Stealth
  3655 | D:4      | Reached skill level 2 in Shields
  3655 | D:4      | Reached skill level 2 in Evocations
  4010 | D:4      | Reached XP level 7. HP: 51/59 MP: 12/12
  4128 | D:4      | Reached skill level 7 in Fighting
  4128 | D:4      | Reached skill level 7 in Unarmed Combat
  4564 | D:4      | Reached skill level 2 in Conjurations
  4564 | D:4      | Reached skill level 2 in Hexes
  4564 | D:4      | Reached skill level 2 in Summonings
  4564 | D:4      | Reached skill level 2 in Necromancy
  4564 | D:4      | Reached skill level 2 in Translocations
  4564 | D:4      | Reached skill level 2 in Transmutations
  4564 | D:4      | Reached skill level 2 in Ice Magic
  4564 | D:4      | Reached skill level 2 in Air Magic
  4564 | D:4      | Reached skill level 2 in Earth Magic
  4564 | D:4      | Reached skill level 2 in Poison Magic
  4755 | D:5      | Entered Level 5 of the Dungeon
  4894 | D:5      | Noticed Ijyb
  4942 | D:5      | Killed Ijyb
  4943 | D:5      | Reached skill level 3 in Invocations
  5145 | D:5      | Reached skill level 4 in Spellcasting
  5354 | D:5      | Reached skill level 6 in Fire Magic
  5377 | D:5      | Reached XP level 8. HP: 56/67 MP: 9/14
  5384 | D:5      | Reached skill level 3 in Short Blades
  5384 | D:5      | Reached skill level 3 in Long Blades
  5384 | D:5      | Reached skill level 3 in Axes
  5384 | D:5      | Reached skill level 3 in Maces & Flails
  5384 | D:5      | Reached skill level 3 in Polearms
  5384 | D:5      | Reached skill level 3 in Staves
  5384 | D:5      | Reached skill level 3 in Slings
  5384 | D:5      | Reached skill level 3 in Bows
  5384 | D:5      | Reached skill level 3 in Crossbows
  5384 | D:5      | Reached skill level 3 in Throwing
  5384 | D:5      | Reached skill level 3 in Armour
  5384 | D:5      | Reached skill level 3 in Dodging
  5384 | D:5      | Reached skill level 3 in Stealth
  5384 | D:5      | Reached skill level 3 in Shields
  5384 | D:5      | Reached skill level 3 in Evocations
  6064 | D:5      | Noticed Pikel
  6107 | D:5      | Killed Pikel
  6108 | D:5      | Reached skill level 3 in Conjurations
  6108 | D:5      | Reached skill level 3 in Hexes
  6108 | D:5      | Reached skill level 3 in Summonings
  6108 | D:5      | Reached skill level 3 in Necromancy
  6108 | D:5      | Reached skill level 3 in Translocations
  6108 | D:5      | Reached skill level 3 in Transmutations
  6108 | D:5      | Reached skill level 3 in Ice Magic
  6108 | D:5      | Reached skill level 3 in Air Magic
  6108 | D:5      | Reached skill level 3 in Earth Magic
  6108 | D:5      | Reached skill level 3 in Poison Magic
  6108 | D:5      | Reached skill level 4 in Invocations
  6108 | D:5      | Reached XP level 9. HP: 36/73 MP: 0/16
  6368 | D:5      | Noticed Grinder
  6376 | D:5      | Killed Grinder
  6377 | D:5      | Reached skill level 4 in Short Blades
  6377 | D:5      | Reached skill level 4 in Long Blades
  6377 | D:5      | Reached skill level 4 in Axes
  6377 | D:5      | Reached skill level 4 in Maces & Flails
  6377 | D:5      | Reached skill level 4 in Polearms
  6377 | D:5      | Reached skill level 4 in Staves
  6377 | D:5      | Reached skill level 4 in Slings
  6377 | D:5      | Reached skill level 4 in Bows
  6377 | D:5      | Reached skill level 4 in Crossbows
  6377 | D:5      | Reached skill level 4 in Throwing
  6377 | D:5      | Reached skill level 4 in Armour
  6377 | D:5      | Reached skill level 4 in Dodging
  6377 | D:5      | Reached skill level 4 in Stealth
  6377 | D:5      | Reached skill level 4 in Shields
  6377 | D:5      | Reached skill level 5 in Spellcasting
  6377 | D:5      | Reached skill level 4 in Evocations
  7153 | D:6      | Found a sparkling altar of Nemelex Xobeh.
  7240 | D:6      | Identified the +1 scale mail of the Skies Above {Int+6}
  7436 | D:6      | Found a staircase to the Ecumenical Temple.
  7546 | D:6      | Noticed Sigmund
  7558 | D:6      | Killed Sigmund
  7559 | D:6      | Reached skill level 8 in Fighting
  7559 | D:6      | Reached skill level 8 in Unarmed Combat
  7628 | Temple   | Entered the Ecumenical Temple
  8170 | D:7      | Noticed Harold
  8178 | D:7      | Killed Harold
  8179 | D:7      | Reached skill level 5 in Invocations
  8179 | D:7      | Reached XP level 10. HP: 62/80 MP: 4/18
  8271 | D:7      | Reached skill level 4 in Conjurations
  8271 | D:7      | Reached skill level 4 in Hexes
  8271 | D:7      | Reached skill level 4 in Summonings
  8271 | D:7      | Reached skill level 4 in Necromancy
  8271 | D:7      | Reached skill level 4 in Translocations
  8271 | D:7      | Reached skill level 4 in Transmutations
  8271 | D:7      | Reached skill level 4 in Ice Magic
  8271 | D:7      | Reached skill level 4 in Air Magic
  8271 | D:7      | Reached skill level 4 in Earth Magic
  8271 | D:7      | Reached skill level 4 in Poison Magic
  8568 | D:7      | Reached skill level 5 in Short Blades
  8568 | D:7      | Reached skill level 5 in Long Blades
  8568 | D:7      | Reached skill level 5 in Axes
  8568 | D:7      | Reached skill level 5 in Maces & Flails
  8568 | D:7      | Reached skill level 5 in Polearms
  8568 | D:7      | Reached skill level 5 in Staves
  8568 | D:7      | Reached skill level 5 in Slings
  8568 | D:7      | Reached skill level 5 in Bows
  8568 | D:7      | Reached skill level 5 in Crossbows
  8568 | D:7      | Reached skill level 5 in Throwing
  8568 | D:7      | Reached skill level 5 in Armour
  8568 | D:7      | Reached skill level 5 in Dodging
  8568 | D:7      | Reached skill level 5 in Stealth
  8568 | D:7      | Reached skill level 5 in Shields
  8568 | D:7      | Reached skill level 5 in Evocations
  8647 | D:7      | Found a white marble altar of Elyvilon.
  9000 | D:8      | Reached skill level 7 in Fire Magic
  9137 | D:8      | Identified +0 steam dragon scales
  9141 | D:8      | Reached skill level 6 in Spellcasting
  9715 | D:8      | Found Inaera Loroz's Distillery.
  9743 | D:8      | Found a shimmering altar of Xom.
  9924 | D:8      | Found a glowing golden altar of the Shining One.
 10005 | D:8      | Found an ornate altar of the Wu Jian Council.
 10088 | D:8      | Found a burning altar of Makhleb.
 10139 | D:9      | Identified the ring of Suicidal Tendencies {Fly rC+ MP+9
                  | Str+6 Int-3}
 10260 | D:9      | Noticed a two-headed ogre
 10282 | D:9      | Killed a two-headed ogre
 10283 | D:9      | Reached skill level 6 in Invocations
 10696 | D:9      | Noticed a centaur warrior
 10705 | D:9      | Killed a centaur warrior
 10797 | D:9      | Noticed a deep elf pyromancer
 10802 | D:9      | Killed a deep elf pyromancer
 10803 | D:9      | Reached XP level 11. HP: 87/87 MP: 13/20
 10856 | D:9      | Noticed a purple ugly thing
 10868 | D:9      | Killed a purple ugly thing
 10869 | D:9      | Reached skill level 9 in Fighting
 10869 | D:9      | Reached skill level 6 in Short Blades
 10869 | D:9      | Reached skill level 6 in Long Blades
 10869 | D:9      | Reached skill level 6 in Axes
 10869 | D:9      | Reached skill level 6 in Maces & Flails
 10869 | D:9      | Reached skill level 6 in Polearms
 10869 | D:9      | Reached skill level 6 in Staves
 10869 | D:9      | Reached skill level 6 in Slings
 10869 | D:9      | Reached skill level 6 in Bows
 10869 | D:9      | Reached skill level 6 in Crossbows
 10869 | D:9      | Reached skill level 6 in Throwing
 10869 | D:9      | Reached skill level 6 in Armour
 10869 | D:9      | Reached skill level 6 in Dodging
 10869 | D:9      | Reached skill level 6 in Stealth
 10869 | D:9      | Reached skill level 6 in Shields
 10869 | D:9      | Reached skill level 9 in Unarmed Combat
 10869 | D:9      | Reached skill level 6 in Evocations
 10996 | D:9      | Noticed a centaur warrior
 11005 | D:9      | Killed a centaur warrior
 11006 | D:9      | Reached skill level 5 in Conjurations
 11006 | D:9      | Reached skill level 5 in Hexes
 11006 | D:9      | Reached skill level 5 in Summonings
 11006 | D:9      | Reached skill level 5 in Necromancy
 11006 | D:9      | Reached skill level 5 in Translocations
 11006 | D:9      | Reached skill level 5 in Transmutations
 11006 | D:9      | Reached skill level 5 in Ice Magic
 11006 | D:9      | Reached skill level 5 in Air Magic
 11006 | D:9      | Reached skill level 5 in Earth Magic
 11006 | D:9      | Reached skill level 5 in Poison Magic
 11389 | D:10     | Entered Level 10 of the Dungeon
 11471 | D:10     | Found an iron altar of Okawaru.
 11723 | D:10     | Learned a level 1 spell: Apportation
 11727 | D:10     | Learned a level 3 spell: Call Canine Familiar
 11741 | D:10     | Found a hide-covered altar of Uskayaw.
 11906 | D:10     | Noticed a two-headed ogre
 11921 | D:10     | Killed a two-headed ogre
 12471 | D:11     | Noticed an oklob plant
 12473 | D:11     | Found a transporter.
 12476 | D:11     | Noticed a cyclops
 12481 | D:11     | Noticed a manticore
 12494 | D:11     | Noticed a manticore
 12497 | D:11     | Killed a manticore
 12541 | D:11     | Noticed a two-headed ogre
 12548 | D:11     | Noticed a centaur warrior
 12556 | D:11     | Noticed a manticore
 12574 | D:11     | Noticed kae's ghost (journeyman DrTm)
 12592 | D:11     | Noticed a cyclops
 12654 | D:11     | Reached skill level 7 in Spellcasting
 12755 | D:11     | Reached skill level 7 in Invocations
 13335 | D:11     | Found a transporter.
 13451 | D:11     | Noticed a boulder beetle
 13722 | D:11     | Found a staircase to the Lair.
 13813 | D:11     | Noticed a manticore
 13822 | D:11     | Killed a manticore
 14110 | Lair:1   | Entered Level 1 of the Lair of Beasts
 14418 | Lair:1   | Reached skill level 8 in Fire Magic
 14422 | Lair:1   | Reached XP level 12. HP: 56/96 MP: 2/23
 14701 | Lair:1   | Noticed a seven-headed hydra
 14708 | Lair:1   | Killed a seven-headed hydra
 14967 | Lair:1   | Reached skill level 7 in Short Blades
 14967 | Lair:1   | Reached skill level 7 in Long Blades
 14967 | Lair:1   | Reached skill level 7 in Axes
 14967 | Lair:1   | Reached skill level 7 in Maces & Flails
 14967 | Lair:1   | Reached skill level 7 in Polearms
 14967 | Lair:1   | Reached skill level 7 in Staves
 14967 | Lair:1   | Reached skill level 7 in Slings
 14967 | Lair:1   | Reached skill level 7 in Bows
 14967 | Lair:1   | Reached skill level 7 in Crossbows
 14967 | Lair:1   | Reached skill level 7 in Throwing
 14967 | Lair:1   | Reached skill level 7 in Armour
 14967 | Lair:1   | Reached skill level 7 in Dodging
 14967 | Lair:1   | Reached skill level 7 in Stealth
 14967 | Lair:1   | Reached skill level 7 in Shields
 14967 | Lair:1   | Reached skill level 7 in Evocations
 15176 | Lair:1   | Noticed a seven-headed hydra
 15183 | Lair:1   | Killed a seven-headed hydra
 15883 | Lair:2   | Noticed a four-headed hydra
 15896 | Lair:2   | Killed a four-headed hydra
 15897 | Lair:2   | Reached skill level 6 in Conjurations
 15897 | Lair:2   | Reached skill level 6 in Hexes
 15897 | Lair:2   | Reached skill level 6 in Summonings
 15897 | Lair:2   | Reached skill level 6 in Necromancy
 15897 | Lair:2   | Reached skill level 6 in Translocations
 15897 | Lair:2   | Reached skill level 6 in Transmutations
 15897 | Lair:2   | Reached skill level 6 in Ice Magic
 15897 | Lair:2   | Reached skill level 6 in Air Magic
 15897 | Lair:2   | Reached skill level 6 in Earth Magic
 15897 | Lair:2   | Reached skill level 6 in Poison Magic
 16135 | Lair:2   | Reached skill level 8 in Invocations
 16300 | Lair:4   | Reached skill level 8 in Spellcasting
 16443 | Lair:4   | Found a frozen archway.
 16453 | Lair:4   | HP: 5/97 [death yak simulacrum (36)]
 16466 | Lair:4   | Reached skill level 10 in Fighting
 16466 | Lair:4   | Reached skill level 10 in Unarmed Combat
 16721 | IceCv    | Entered an ice cave
 16740 | IceCv    | HP: 1/97 [polar bear (21)]
 17187 | IceCv    | Noticed a death yak
 17203 | IceCv    | Killed a death yak
 17553 | IceCv    | Noticed a death yak
 17564 | IceCv    | Killed a death yak
 18473 | IceCv    | Noticed a death yak
 18505 | IceCv    | Killed a death yak
 18679 | IceCv    | Noticed a death yak
 18732 | IceCv    | Killed a death yak
 18733 | IceCv    | Reached XP level 13. HP: 88/103 MP: 22/25
 19230 | IceCv    | Noticed a frost giant
 19257 | IceCv    | Reached skill level 8 in Short Blades
 19257 | IceCv    | Reached skill level 8 in Long Blades
 19257 | IceCv    | Reached skill level 8 in Axes
 19257 | IceCv    | Reached skill level 8 in Maces & Flails
 19257 | IceCv    | Reached skill level 8 in Polearms
 19257 | IceCv    | Reached skill level 8 in Staves
 19257 | IceCv    | Reached skill level 8 in Slings
 19257 | IceCv    | Reached skill level 8 in Bows
 19257 | IceCv    | Reached skill level 8 in Crossbows
 19257 | IceCv    | Reached skill level 8 in Throwing
 19257 | IceCv    | Reached skill level 8 in Armour
 19257 | IceCv    | Reached skill level 8 in Dodging
 19257 | IceCv    | Reached skill level 8 in Stealth
 19257 | IceCv    | Reached skill level 8 in Shields
 19257 | IceCv    | Reached skill level 8 in Evocations
 19794 | IceCv    | Killed a frost giant
 20282 | Lair:2   | Reached skill level 9 in Invocations
 20460 | Temple   | Fell from the grace of Ignis
 20460 | Temple   | Became a worshipper of Ashenzari the Shackled
 20820 | Lair:2   | Identified +0 swamp dragon scales
 20931 | Lair:2   | Found a staircase to the Swamp.
 21430 | Lair:2   | Reached skill level 7 in Conjurations
 21430 | Lair:2   | Reached skill level 7 in Hexes
 21430 | Lair:2   | Reached skill level 7 in Summonings
 21430 | Lair:2   | Reached skill level 7 in Necromancy
 21430 | Lair:2   | Reached skill level 7 in Translocations
 21430 | Lair:2   | Reached skill level 7 in Transmutations
 21430 | Lair:2   | Reached skill level 9 in Fire Magic
 21430 | Lair:2   | Reached skill level 7 in Ice Magic
 21430 | Lair:2   | Reached skill level 7 in Air Magic
 21430 | Lair:2   | Reached skill level 7 in Earth Magic
 21430 | Lair:2   | Reached skill level 7 in Poison Magic
 21996 | Lair:3   | Reached skill level 9 in Spellcasting
 23439 | Lair:3   | Found a staircase to the Snake Pit.
 23608 | Lair:3   | HP: 14/157 [fire elemental[the fiery vengeance of Ignis]
                  | (2)]
 23609 | Lair:3   | Slain by a fire elemental

Vanquished Creatures
  A frost giant (IceCv)
  Harold (D:7)
  5 hydras
  A catoblepas (Lair:2)
  2 two-headed ogres
  2 centaur warriors (D:9)
  6 death yaks (IceCv)
  A swamp dragon (Lair:2)
  Pikel (D:5)
  A deep elf pyromancer (D:9)
  An ugly thing (D:9)
  2 manticores (D:11)
  An ice statue (IceCv)
  A black mamba (Lair:2)
  8 cane toads
  8 rime drakes
  5 komodo dragons
  5 polar bears
  2 trolls (D:11)
  Grinder (D:5)
  3 blink frogs (Lair:2)
  Sigmund (D:6)
  39 yaks
  3 wyverns
  A basilisk (Lair:3)
  3 steam dragons
  5 fire elementals
  5 nagas (Lair:3)
  A death yak simulacrum (Lair:4)
  An acid dragon (D:11)
  9 water moccasins
  An orc warrior (D:8)
  A sky beast (D:8)
  2 black bears
  2 necrophages
  11 wolves (IceCv)
  6 centaurs
  2 ogres (D:5)
  A lemure (D:5)
  8 bullfrogs
  A scorpion (D:6)
  A wyvern zombie (D:8)
  A wyvern skeleton (D:6)
  A water moccasin skeleton (D:6)
  3 elephant simulacra (Lair:4)
  5 wights (D:9)
  4 killer bees (D:5)
  An electric eel (D:6)
  A vampire bat (D:5)
  2 howler monkeys
  A bullfrog zombie (D:5)
  4 centaur zombies
  7 hounds
  A bullfrog skeleton (D:6)
  A gnoll shaman (D:6)
  3 orc priests
  Crazy Yiuf (D:2)
  2 centaur skeletons
  Ijyb (D:5)
  Natasha (twice) (D:2)
  5 iguanas
  2 scorpion zombies (D:5)
  6 orc wizards
  A polar bear simulacrum (Lair:4)
  A hound skeleton (D:5)
  A howler monkey zombie (D:10)
  Robin (D:2)
  6 gnolls
  5 adders
  2 shadow imps
  An adder zombie (D:5)
  An adder skeleton (D:2)
  3 worms
  5 dart slugs
  3 fire bats (D:5)
  15 orcs
  2 spectral bats (D:5)
  6 ball pythons
  11 bats
  3 bat skeletons (D:5)
  A bat zombie (D:5)
  10 endoplasms
  3 giant cockroaches
  9 goblins
  7 hobgoblins
  6 quokkas
  A bat simulacrum (D:5)
  3 frilled lizards
  6 kobolds
  7 rats
336 creatures vanquished.

Vanquished Creatures (others)
  117 foxfires
  23 fungi
  41 plants
181 creatures vanquished.

Grand Total: 517 creatures vanquished
